 Dungeon Crawl Stone Soup version 0.18-a0-1799-g6250cb2 (webtiles) character file.

2821 4thArraOfDagon the Arsonist (level 9, -1/45 HPs)
             Began as a Deep Elf Fire Elementalist on Apr 23, 2016.
             Was a Believer of Vehumet.
             Killed from afar by a manticore (17 damage)
             ... with a volley of spikes
             ... on level 13 of the Dungeon.
             The game lasted 00:17:51 (2572 turns).

4thArraOfDagon the Arsonist (DEFE)                  Turns: 2572, Time: 00:17:51

Health: -1/45      AC:  4    Str:  5    XL:     9   Next: 45%
Magic:  4/23       EV: 13    Int: 24    God:    Vehumet [**....]
Gold:   244        SH:  0    Dex: 15    Spells: 4 memorised, 11 levels left

rFire  . . .     SeeInvis .     x - +2 falchion (slice)
rCold  . . .     Gourm    .     a - +1 robe
rNeg   . . .     Faith    .     (no shield)
rPois  .         Spirit   .     (no helmet)
rElec  .         Dismiss  .     (no cloak)
rCorr  .         Reflect  .     (no gloves)
SustAt .         Harm     .     i - +0 pair of boots
MR     .....                    (no amulet)
Stlth  ++........               (no ring)
                                (no ring)

@: manticore barbs, not resistant to hostile enchantments, unstealthy
A: no striking features
a: Renounce Religion


You were on level 13 of the Dungeon.
You worshipped Vehumet.
Vehumet was pleased with you.
You were hungry.

You visited 2 branches of the dungeon, and saw 14 of its levels.

You collected 244 gold pieces.

Inventory:

Hand Weapons
 k - a +0 blowgun
 n - a +2 short sword of electrocution
 x - a +2 falchion of slicing (weapon)
Missiles
 m - 3 poisoned needles
Armour
 a - a +1 robe (worn)
 i - a +0 pair of boots (worn)
Magical Staves
 f - an uncursed staff of wizardry {!a}
Jewellery
 t - an uncursed ring of ice
Wands
 h - a wand of iceblast (6/15)
 u - a wand of slowing (32/48)
Scrolls
 j - a scroll of teleportation
 l - 4 scrolls of remove curse
 q - a scroll of blinking
 s - a scroll of fear
Potions
 d - a potion of degeneration
 e - a potion of lignification
 o - a potion of cancellation
 r - a potion of haste
Books
 b - a book of Flames

   Spells                             Type                      Level
   a - Flame Tongue                   Conjuration/Fire             1
   b - Throw Flame                    Conjuration/Fire             2
   c - Conjure Flame                  Conjuration/Fire             3
   d - Inner Flame                    Hexes/Fire                   3
   e - Sticky Flame                   Conjuration/Fire             4
   f - Fireball                       Conjuration/Fire             5
Comestibles
 c - 3 bread rations
 g - 3 meat rations
 p - 5 chunks of flesh
 v - a royal jelly
 w - a beef jerky


   Skills:
 - Level 2.4 Dodging
 - Level 2.4 Stealth
 + Level 8.1 Spellcasting
 * Level 9.1 Conjurations
 * Level 9.6 Fire Magic


You had 11 spell levels left.
You knew the following spells:

 Your Spells              Type           Power        Failure   Level  Hunger
a - Flame Tongue          Conj/Fire      #####        1%          1    None
b - Conjure Flame         Conj/Fire      ######..     1%          3    None
c - Sticky Flame          Conj/Fire      ######..     1%          4    ##.....
d - Fireball              Conj/Fire      ######....   4%          5    #####..


Dungeon Overview and Level Annotations

Branches:
Dungeon (13/15)            Temple (1/1) D:4            Lair (0/8) D:10
    Orc: D:9-12      Vaults: D:13-14

Altars:
Ashenzari
Elyvilon
Fedhas
Gozag
Kikubaaqudgha
Makhleb
Nemelex Xobeh
Qazlal
Sif Muna
Vehumet
Xom
The Shining One

Annotations:
D:2 Terence
D:3 Sigmund
D:10 Fannar


Message History

The fireball explodes!
The fireball engulfs the manticore.
The manticore is severely wounded.
You are feeling hungry.
The manticore flicks its tail.
The volley of spikes hits you!
The barbed spikes become lodged in your body.
Unknown command.
Unknown command.
Unknown command.
Casting: Fireball
Confirm with . or Enter, or press ? or * to list all spells.
Aiming: Fireball
Press: ? - help, Shift-Dir - straight line, f/p - manticore
Aim: a manticore (severely wounded)
The fireball explodes!
The fireball engulfs the manticore.
The manticore is almost dead.
The manticore flicks its tail.
The volley of spikes hits you!
The barbed spikes become lodged in your body.
You die...

##+###
#@...#
#....#
#....#
#....+
#...>#
#..H.#
#....#
#....#


You could see a manticore.

Vanquished Creatures
  A hill giant (D:11)
  A vampire (D:9)
  3 yaks (D:7)
  A hungry ghost (D:12)
  2 hell hounds (D:10)
  A water moccasin (D:12)
  An orc warrior (D:11)
  An ice beast (D:6)
  A wasp (D:8)
  An ogre (D:9)
  2 centaurs
  2 giant frogs
  5 wights (D:12)
  3 howler monkeys (D:9)
  A jelly (D:11)
  4 hounds
  Jessica (D:3)
  3 worker ants
  A hound skeleton (D:6)
  6 adders
  An ooze (D:1)
  2 dart slugs
  4 giant geckos
  9 orcs
  4 bats
  2 giant cockroaches
  3 hobgoblins
  7 jackals
  3 quokkas
  A ball python (D:2)
  A giant gecko zombie (D:5)
  2 giant newts
  6 kobolds
  5 rats
91 creatures vanquished.

Notes
Turn   | Place    | Note
--------------------------------------------------------------
     0 | D:1      | 4thArraOfDagon the Deep Elf Fire Elementalist began the quest for the Orb.
     0 | D:1      | Reached XP level 1. HP: 10/10 MP: 6/6
   104 | D:1      | Reached XP level 2. HP: 15/15 MP: 1/8
   259 | D:1      | You fall through a shaft!
   275 | D:3      | Noticed Sigmund
   331 | D:2      | Found a faded altar to an unknown god.
   509 | D:2      | Noticed Terence
   573 | D:3      | Reached XP level 3. HP: 19/19 MP: 3/9
   578 | D:3      | Learned a level 3 spell: Conjure Flame
   601 | D:3      | Noticed Jessica
   606 | D:3      | Killed Jessica
   652 | D:3      | Found an ancient bone altar of Kikubaaqudgha.
   672 | D:3      | Reached XP level 4. HP: 24/24 MP: 1/11
   781 | D:4      | Found a staircase to the Ecumenical Temple.
   791 | Temple   | Entered the Ecumenical Temple
   829 | Temple   | Became a worshipper of Vehumet
   901 | D:3      | Learned a level 4 spell: Sticky Flame
   917 | D:4      | Noticed a phantom
   946 | D:5      | Entered Level 5 of the Dungeon
   955 | D:5      | Found a glowing golden altar of the Shining One.
   955 | D:5      | Found an opulent altar of Gozag.
   965 | D:5      | Found a white marble altar of Elyvilon.
  1137 | D:5      | Found a burning altar of Makhleb.
  1148 | D:5      | Reached skill level 5 in Fire Magic
  1148 | D:5      | Reached XP level 5. HP: 9/28 MP: 8/13
  1323 | D:6      | Noticed an ice beast
  1328 | D:6      | Killed an ice beast
  1328 | D:6      | Reached XP level 6. HP: 29/32 MP: 3/14
  1338 | D:6      | Learned a level 5 spell: Fireball
  1365 | D:6      | Noticed an orc warrior
  1452 | D:7      | Reached * piety under Vehumet
  1452 | D:7      | Offered knowledge of Freeze by Vehumet.
  1456 | D:7      | Reached skill level 5 in Spellcasting
  1473 | D:7      | Noticed a yak
  1474 | D:7      | Noticed a yak
  1475 | D:7      | Noticed a yak
  1492 | D:7      | Killed a yak
  1492 | D:7      | Reached skill level 5 in Conjurations
  1492 | D:7      | Reached XP level 7. HP: 16/36 MP: 7/16
  1527 | D:7      | Killed a yak
  1585 | D:7      | Killed a yak
  1756 | D:6      | Reached XP level 8. HP: 29/41 MP: 10/19
  2187 | D:9      | Reached ** piety under Vehumet
  2210 | D:10     | Entered Level 10 of the Dungeon
  2220 | D:10     | Found a staircase to the Lair.
  2224 | D:10     | Offered knowledge of Magic Dart by Vehumet.
  2270 | D:10     | Noticed Fannar
  2333 | D:11     | Noticed a hill giant
  2363 | D:11     | Killed a hill giant
  2363 | D:11     | Reached XP level 9. HP: 16/45 MP: 8/22
  2569 | D:13     | Noticed a manticore
  2572 | D:13     | Killed from afar by a manticore

Vault maps used:
D:1:      dpeg_arrival_brainrot, hangedman_abyss_or_decor_stabs,
          roderic_serpentine_path
D:2:      ecumenical_altar_2, uniq_terence
D:3:      nicolae_dithmenos_through_a_glass_darkly, kiku_gazebo_garden_becter,
          okawaru_altar_gauntlet_db, kennysheep_generic_room_7, uniq_jessica,
          uniq_sigmund
D:4:      kennysheep_mini_moat, temple_statues, first_bread,
          lightli_sewer_entry_pipes, serial_shops, nicolae_shop_statue_plus
D:5:      corexii_shack_village, makhleb_heckhound_becter,
          grunt_temple_overflow_open, lemuel_zombie_altar_yredelemnul
D:6:      zin_statuary, tgw_trog, minmay_misc_feat_room
D:7:      cheibrodos_ashenzari_chains, uniq_crazy_yiuf_cottage
D:8:      nicolae_ru_awakened_eye, serial_shops, shop_coins, david_nohive_1
D:9:      lemuel_crystal_altar, orc_0_dummy
D:10:     minmay_lair_entry_lava, serial_shops, shop, serial_column_ruins,
          column_ruins_open_small_water, column_ruins_corridor_straight,
          column_ruins_open_tiny, column_ruins_corridor_T,
          column_ruins_columns_T, column_ruins_open_large, uniq_fannar,
          uniq_erica
D:11:     st_stairs_5, hangedman_abyss_or_decor_passed
D:12:     minmay_statue_crystal_thing, uniq_maurice
D:13:     grunt_vaults_entry_fortified, portal_ice_cave_entry_ice_beasts
Temple:   temple_of_Zot_orb

Skill      XL: |  1  2  3  4  5  6  7  8  9 |
---------------+----------------------------+-----
Fire Magic     | 4 5 6 7 9 |  9.6
Conjurations   | 2 3 4 5 6 8 9 |  9.1
Spellcasting   | 4 5 6 7 8 |  8.1
Dodging        | |  2.4
Stealth        | |  2.4

Action                   |  1- 3 |  4- 6 |  7- 9 || total
-------------------------+-------+-------+-------++-------
Melee: Mace              |     9 |     7 |       ||    16
       Short sword       |       |    12 |    18 ||    30
 Fire: Blowgun           |       |       |    17 ||    17
 Cast: Flame Tongue      |    49 |    40 |    54 ||   143
       Sticky Flame      |       |     5 |    17 ||    22
       Conjure Flame     |       |     1 |     3 ||     4
       Fireball          |       |       |     7 ||     7
Evoke: Wand              |       |       |     4 ||     4
  Use: Potion            |     4 |     2 |     5 ||    11
       Scroll            |       |     9 |     4 ||    13
 Stab: Sleeping          |     2 |     6 |       ||     8
  Eat: Chunk             |       |     3 |     3 ||     6
       Fruit             |       |       |     4 ||     4
Armor: Robe              |     2 |     9 |     5 ||    16
       Skin              |     8 |       |    12 ||    20
Dodge: Dodged            |    20 |    15 |    48 ||    83
